 Dungeon Crawl Stone Soup version 0.29-a0-378-gc08b2e8bf8 (webtiles) character file.

Game seed: 17425115226569866182

94889 Bruhh the Thaumaturge (level 16, -3/122 HPs)
             Began as a Human Ice Elementalist on May 3, 2022.
             Was an Initiate of Gozag.
             Slain by a +1 glaive of protection (12 damage)
             ... on level 1 of the Elven Halls on May 4, 2022.
             The game lasted 01:41:01 (28290 turns).

Bruhh the Thaumaturge (Human Ice Elementalist)     Turns: 28290, Time: 01:41:02

Health: -3/122     AC:  7    Str: 11    XL:     16   Next: 61%
Magic:  25/31      EV: 12    Int: 21    God:    Gozag
Gold:   468        SH:  0    Dex: 20    Spells: 7/37 levels left

rFire   + + .      SeeInvis .   E - +4 war axe (vamp)
rCold   . . .      Faith    .   (no shield)
rNeg    . . .      Spirit   .   s - +3 leather armour
rPois   +          Reflect  .   S - +0 helmet
rElec   .          Harm     .   p - scarf {repulsion}
rCorr   .          Rampage  .   (no gloves)
Will    +....                   (no boots)
Stlth   +++.......              x - amulet of the Threshing Coward {rPois rF+ Regen+ Stlth+}
HPRegen 1.10/turn               f - ring of Tojew {Wiz rF+}
MPRegen 0.22/turn               y - +6 ring of dexterity

@: studying Crossbows, repel missiles
A: no striking features
a: Renounce Religion, Potion Petition, Call Merchant, Bribe Branch


You were on level 1 of the Elven Halls.
You worshipped Gozag.
Gozag was aware of your devotion.
You visited 5 branches of the dungeon, and saw 20 of its levels.

You collected 6641 gold pieces.
You spent 616 gold pieces at shops.
You paid 5557 gold pieces to Gozag.

Inventory:

Hand Weapons
 E - a +4 vampiric war axe (weapon)
Missiles
 D - 40 poisoned darts
 U - 2 throwing nets
Armour
 p - a scarf of repulsion (worn)
 s - a +3 leather armour (worn)
 B - the +6 chain mail "Naulig" {rF- rC++ Dex+4 Stlth+}
   (You found it on level 3 of the Dungeon)

   Dex:       It affects your dexterity (+4).
   rF:        It makes you vulnerable to fire.
   rC:        It greatly protects you from cold.
   Stlth:     It makes you more stealthy.
 S - a +0 helmet (worn)
 Y - a +2 cloak
Jewellery
 f - the ring of Tojew (left hand) {Wiz rF+}
   (You bought it in a shop on level 2 of the Orcish Mines)

   [ring of wizardry]

   It improves your spell success rate.
   rF:        It protects you from fire.
 m - a +4 ring of slaying
 x - the amulet of the Threshing Coward (around neck) {rPois rF+ Regen+ Stlth+}
   (You found it on level 3 of the Dungeon)

   [amulet of regeneration]

   rF:        It protects you from fire.
   rPois:     It protects you from poison.
   Regen:     It increases your rate of health regeneration.
   Stlth:     It makes you more stealthy.
 y - a +6 ring of dexterity (right hand)
 N - a ring of ice
 R - a ring of willpower
Wands
 h - a wand of charming (11)
 q - a wand of flame (11)
 u - a wand of polymorph (7)
 G - a wand of digging (4)
 I - a wand of paralysis (3)
 M - a wand of mindburst (4)
 T - a wand of iceblast (17)
Scrolls
 a - a scroll of poison
 b - 2 scrolls of enchant weapon
 d - 5 scrolls of magic mapping
 n - 2 scrolls of amnesia
 o - a scroll of enchant armour
 r - a scroll of teleportation
 t - 4 scrolls of identify
 v - 2 scrolls of holy word
 z - 2 scrolls of fog
 H - 2 scrolls of vulnerability
 J - 2 scrolls of immolation
 K - 3 scrolls of noise
 P - a scroll of torment
Potions
 c - 4 potions of mutation
 e - 3 potions of might
 g - 3 potions of berserk rage
 i - 5 potions of flight
 j - 4 potions of degeneration
 k - 7 potions of attraction
 l - 5 potions of curing
 A - 5 potions of ambrosia
 C - 3 potions of resistance
 F - 2 potions of cancellation
 L - 2 potions of invisibility
 Q - a potion of haste


   Skills:
 - Level 10.0 Fighting
 - Level 5.0 Armour
 - Level 2.0 Dodging
 - Level 2.0 Stealth
 + Level 11.3 Spellcasting
 - Level 10.0 Conjurations
 - Level 10.0 Hexes
 + Level 6.2 Necromancy
 - Level 8.0 Fire Magic
 - Level 10.0 Ice Magic
 - Level 8.0 Poison Magic
 - Level 8.0 Evocations


You had 7 spell levels left.
You knew the following spells:

 Your Spells              Type           Power      Damage    Failure   Level
a - Freeze                Ice            100%       1d11      1%          1
b - Frozen Ramparts       Ice            100%       1d12      1%          3
c - Ozocubu's Armour      Ice            52%        N/A       1%          3
d - Animate Skeleton      Necr           76%        N/A       1%          1
e - Ignite Poison         Fire/Tmut/Pois 34%        N/A       1%          3
f - Anguish               Hex/Necr       23%        N/A       1%          4
g - Freezing Cloud        Conj/Ice/Air   19%        6-21      5%          5
h - Olgreb's Toxic Radia  Pois           45%        N/A       1%          4
i - Simulacrum            Ice/Necr       23%        N/A       16%         6

Your spell library contained the following spells:

 Spells                   Type           Power      Damage    Failure   Level
 Sting                    Tmut/Pois      100%       1d8       1%          1
 Ensorcelled Hibernation  Hex/Ice        100%       N/A       1%          2
 Poisonous Vapours        Pois/Air       56%        N/A       1%          2
 Static Discharge         Conj/Air       32%        N/A       1%          2
 Dazzling Flash           Conj/Hex       100%       N/A       1%          3
 Mephitic Cloud           Conj/Pois/Air  37%        N/A       1%          3
 Portal Projectile        Hex/Tloc       64%        N/A       1%          3
 Spider Form              Tmut/Pois      28%        N/A       1%          3
 Hailstorm                Conj/Ice       52%        3d12      1%          4
 Sticky Flame             Conj/Fire      49%        2d7       1%          4
 Metabolic Englaciation   Hex/Ice        26%        N/A       1%          5
 Dispel Undead            Necr           38%        3d16      2%          4
 Apportation              Tloc           22%        N/A       3%          1
 Summon Small Mammal      Summ           44%        N/A       3%          1
 Ice Form                 Ice/Tmut       32%        N/A       4%          4
 Leda's Liquefaction      Hex/Erth       16%        N/A       4%          4
 Agony                    Necr           38%        N/A       6%          5
 Call Canine Familiar     Summ           11%        N/A       9%          3
 Silence                  Hex/Air        16%        N/A       11%         5
 Summon Lightning Spire   Summ/Air       11%        N/A       28%         4


Dungeon Overview and Level Annotations

Branches:
Dungeon (10/15)            Temple (1/1) D:6            Lair (6/6) D:10
 Shoals (0/4) Lair:2       Spider (0/4) Lair:3        Slime (0/5) Lair:5
    Orc (2/2) D:10            Elf (1/3) Orc:2

Altars:
Ashenzari
Cheibriados
Dithmenos
Gozag
Makhleb
Okawaru
Sif Muna
Uskayaw
Wu Jian
Yredelemnul
Beogh

Shops:
D:5 =(*(   Orc:2 ((=[=   Lair:2 [

Annotations:
D:4 Grinder
Lair:4 3 runed translucent doors, Bruhh's ghost, journeyman GnMo; Kirke


Message History

Casting: Frozen Ramparts (safe; 1% risk of failure)
Confirm with . or Enter, or press ? or * to list all spells.
A film of ice covers your body!
The +1 glaive of protection resists.
The wall freezes the +1 glaive of protection.
The +1 glaive of protection hits you but does no damage.
You miss the +1 glaive of protection.
The +1 glaive of protection resists.
The wall freezes the +1 glaive of protection.
The +1 glaive of protection hits you!
The +1 glaive of protection completely resists.
The wall freezes the +1 glaive of protection but does no damage.
The +1 glaive of protection completely misses you.
You completely miss the +1 glaive of protection.
The +1 glaive of protection completely resists.
The wall freezes the +1 glaive of protection but does no damage.
The +1 glaive of protection hits you!!
You hit the +1 glaive of protection but do no damage.
The +1 glaive of protection resists.
The wall freezes the +1 glaive of protection.
The +1 glaive of protection hits you but does no damage.
The +1 glaive of protection completely resists.
The wall freezes the +1 glaive of protection but does no damage.
The +1 glaive of protection hits you!
You closely miss the +1 glaive of protection.
The +1 glaive of protection completely resists.
The wall freezes the +1 glaive of protection but does no damage.
The +1 glaive of protection hits you but does no damage.
The +1 glaive of protection completely resists.
The wall freezes the +1 glaive of protection but does no damage.
The +1 glaive of protection hits you!!
* * * LOW HITPOINT WARNING * * *
A +1 glaive of protection is nearby!
Your icy armour and frozen ramparts will break if you move.
Continue?
Your icy armour cracks and falls away as you move.
The frozen ramparts melt away as you move.
The +1 glaive of protection attacks as you move away!
The +1 glaive of protection hits you!!
* * * LOW HITPOINT WARNING * * *
The +1 glaive of protection hits you from afar!
You die...
Your body crumbles into a pile of gold.

#... #...
#..###############
#..#...[.........#
#..#.⌠..[).[)..<.#
#..#..)[)........#
#..#..@###########
#########..#...#.....#...#
...........#...(.........#
..........)#.............#
...........#...#.....#...#
#..###$##..###########...#
... #..#.)...........#
#..( #..#.⌠.........⌠.#
#... #.(#.............#


You could see a +1 glaive of protection.

Vanquished Creatures
  An orc warlord (Orc:1)
  Nessos (Lair:6)
  A dire elephant (Lair:6)
  2 hydras (Lair:6)
  5 death yaks
  2 two-headed ogres
  A deep elf knight (Elf:1)
  Sonja (Lair:4)
  5 orc high priests
  Nergalle (Lair:3)
  2 deep elf archers (Elf:1)
  A lindwurm (Lair:6)
  A deep elf pyromancer (Elf:1)
  10 orc knights
  3 deep elf zephyrmancers (Elf:1)
  An orc sorcerer (Elf:1)
  7 elephants
  3 black mambas
  A merfolk siren (Lair:2)
  9 cane toads
  5 torpor snails (Lair:6)
  A gargoyle (D:7)
  An orange demon (Lair:1)
  An unseen horror (D:10)
  A rime drake (Lair:3)
  7 komodo dragons
  9 trolls
  A merfolk (Lair:2)
  4 tyrant leeches (Lair:6)
  8 polar bears (Lair:6)
  2 raiju (Lair:6)
  6 hornets (Lair:6)
  21 blink frogs
  A raiju (shapeshifter) (Elf:1)
  7 hogs
  A wyvern (Lair:5)
  A shadow (D:10)
  2 redbacks (Lair:3)
  51 yaks
  3 basilisks
  A steam dragon (D:7)
  17 wargs
  12 hell hounds (Lair:6)
  17 water moccasins
  2 acid dragons
  43 orc warriors
  A sky beast (D:7)
  12 black bears
  3 centaurs
  8 ogres
  19 wolves
  2 phantoms
  5 kobold brigands
  An earth elemental (Elf:1)
  7 bullfrogs
  2 necrophages
  4 scorpions
  4 gnoll sergeants
  Blork the orc (D:5)
  8 wights
  11 killer bees
  A howler monkey (D:5)
  3 electric eels
  A lava snake (Lair:6)
  2 jellies (D:6)
  A gnoll shaman (D:8)
  7 orc priests
  6 hounds
  12 orc wizards
  Terence (D:2)
  3 iguanas
  11 adders
  27 gnolls
  A shadow imp (D:7)
  A white imp (D:7)
  An ufetubus (D:4)
  A worm (D:3)
  2 dart slugs (D:1)
  96 orcs
  5 bats
  5 endoplasms
  4 giant cockroaches
  9 hobgoblins
  6 jackals
  4 quokkas
  7 ball pythons
  5 frilled lizards
  5 goblins
  25 kobolds
  8 rats
631 creatures vanquished.

Vanquished Creatures (others)
  A fire dragon (Lair:6)
  Fannar (Lair:3)
  A hydra (Lair:4)
  Amaemon (Lair:1)
  A cane toad (Lair:2)
  A komodo dragon (Lair:6)
  A polar bear (Lair:6)
  A blink frog (Lair:2)
  3 yaks
  A warg (Orc:1)
  A water moccasin (Lair:1)
  A hell hound (Lair:6)
  A wolf (Lair:6)
  A bush (Lair:5)
  39 fungi
  49 plants
104 creatures vanquished.

Grand Total: 735 creatures vanquished

Notes
Turn   | Place    | Note
-------+----------+-------------------------------------------
     0 | D:1      | Bruhh the Human Ice Elementalist began the quest for the
                  | Orb.
     0 | D:1      | Reached XP level 1. HP: 13/13 MP: 3/3
    20 | D:1      | Reached XP level 2. HP: 9/19 MP: 0/5
   626 | D:1      | Reached XP level 3. HP: 24/24 MP: 6/6
  1709 | D:2      | Reached skill level 3 in Spellcasting
  1709 | D:2      | Reached XP level 4. HP: 29/30 MP: 6/8
  2536 | D:2      | Reached skill level 5 in Ice Magic
  2646 | D:2      | Noticed Terence
  2652 | D:2      | Killed Terence
  2653 | D:2      | Reached XP level 5. HP: 28/35 MP: 2/10
  2663 | D:2      | Learned a level 3 spell: Frozen Ramparts
  2667 | D:2      | Learned a level 3 spell: Ozocubu's Armour
  2990 | D:2      | Found a faded altar of an unknown god.
  3505 | D:3      | Identified the amulet of the Threshing Coward {rPois rF+
                  | Regen+ Stlth+}
  4077 | D:3      | Identified the +6 chain mail "Naulig" {rF- rC++ Dex+4
                  | Stlth+}
  4130 | D:4      | Reached skill level 4 in Spellcasting
  4130 | D:4      | Reached XP level 6. HP: 19/41 MP: 2/12
  4272 | D:4      | Noticed an ogre
  4285 | D:4      | Killed an ogre
  4436 | D:4      | Reached XP level 7. HP: 46/46 MP: 2/14
  4443 | D:4      | Noticed Grinder
  4453 | D:4      | Paralysed by Grinder for 6 turns
  4734 | D:5      | Entered Level 5 of the Dungeon
  4804 | D:5      | Found Reerphunt's Weapon Emporium.
  4812 | D:5      | Found Jullyow's Assorted Antiques.
  4813 | D:5      | Noticed Blork the orc
  4821 | D:5      | Killed Blork the orc
  4822 | D:5      | Reached skill level 5 in Spellcasting
  4822 | D:5      | Reached skill level 1 in Fighting
  5204 | D:5      | Reached XP level 8. HP: 61/61 MP: 9/15
  5207 | D:5      | Reached skill level 5 in Fighting
  5297 | D:5      | Found Tigug's Antique Weapon Shoppe.
  5388 | D:5      | Found Zuoseow's Jewellery Emporium.
  5878 | D:6      | Noticed a yak
  5891 | D:6      | Killed a yak
  5892 | D:6      | Reached XP level 9. HP: 48/74 MP: 2/16
  6321 | D:6      | Found a staircase to the Ecumenical Temple.
  6336 | D:6      | Reached skill level 10 in Fighting
  6338 | Temple   | Entered the Ecumenical Temple
  6441 | Temple   | Became a worshipper of Gozag Ym Sagoz the Greedy
  6495 | D:6      | Found a broken altar of Ashenzari.
  6515 | D:6      | Reached skill level 6 in Spellcasting
  6668 | D:6      | Reached XP level 10. HP: 70/85 MP: 15/20
  6784 | D:6      | Reached skill level 7 in Spellcasting
  8079 | D:7      | Reached skill level 8 in Spellcasting
  8081 | D:7      | Learned a level 1 spell: Animate Skeleton
  8087 | D:7      | Learned a level 5 spell: Metabolic Englaciation
  8213 | D:7      | Reached skill level 1 in Hexes
  8213 | D:7      | Reached skill level 1 in Necromancy
  8216 | D:7      | Noticed a gargoyle
  8222 | D:7      | Killed a gargoyle
  8639 | D:8      | Found an ornate altar of the Wu Jian Council.
  8837 | D:8      | Found a snail-covered altar of Cheibriados.
 10239 | D:9      | Noticed a two-headed ogre
 10248 | D:9      | Killed a two-headed ogre
 10249 | D:9      | Reached skill level 5 in Hexes
 10249 | D:9      | Reached skill level 5 in Necromancy
 10249 | D:9      | Reached XP level 11. HP: 45/90 MP: 16/23
 10980 | D:10     | Entered Level 10 of the Dungeon
 11004 | D:10     | Reached skill level 1 in Evocations
 11285 | D:10     | Found a staircase to the Lair.
 11489 | D:10     | Reached skill level 5 in Evocations
 11631 | D:10     | Found a staircase to the Orcish Mines.
 11637 | D:10     | Learned a level 4 spell: Anguish
 11643 | D:10     | Learned a level 5 spell: Freezing Cloud
 11866 | D:10     | Reached skill level 1 in Conjurations
 12220 | Lair:1   | Entered Level 1 of the Lair of Beasts
 12401 | Lair:1   | Noticed Amaemon
 12422 | Lair:1   | Killed Amaemon
 12588 | Lair:1   | Upgraded the game from 0.29-a0-371-g91724d5b39 to
                  | 0.29-a0-378-gc08b2e8bf8
 12598 | Lair:1   | HP: 1/90 [komodo dragon (28)]
 12997 | Lair:1   | Reached XP level 12. HP: 43/97 MP: 15/24
 13316 | Lair:1   | Reached skill level 5 in Conjurations
 13736 | Lair:2   | Reached skill level 1 in Armour
 14466 | Lair:2   | Found a staircase to the Shoals.
 15058 | Lair:3   | Reached skill level 5 in Armour
 15279 | Lair:3   | Noticed Nergalle
 15289 | Lair:3   | Killed Nergalle
 15303 | Lair:3   | You fall into a shaft and drop 2 floors!
 15374 | Lair:4   | Noticed Sonja
 15374 | Lair:4   | Noticed Kirke
 15413 | Lair:5   | Found a shimmering blue altar of Sif Muna.
 15470 | Lair:5   | Reached XP level 13. HP: 64/103 MP: 9/25
 16330 | Lair:5   | Found a staircase to the Slime Pits.
 16737 | Lair:4   | Found a runed translucent gate.
 16738 | Lair:4   | Found a runed translucent gate.
 16740 | Lair:4   | Found a runed translucent gate.
 16844 | Lair:4   | Killed Sonja
 17051 | Lair:4   | Noticed Bruhh's ghost (journeyman GnMo)
 17141 | Lair:4   | Noticed a seven-headed hydra
 17268 | Lair:3   | Found a hole to the Spider Nest.
 17275 | Lair:3   | Noticed Fannar
 17294 | Lair:3   | Killed Fannar
 17516 | Lair:3   | Got the Catalogue of the Escort
 17888 | Lair:3   | Learned a level 4 spell: Olgreb's Toxic Radiance
 17893 | Lair:3   | Learned a level 3 spell: Ignite Poison
 18248 | Lair:4   | Killed an eight-headed hydra
 18249 | Lair:4   | Reached skill level 1 in Fire Magic
 18249 | Lair:4   | Reached skill level 1 in Poison Magic
 18957 | Lair:6   | Entered Level 6 of the Lair of Beasts
 19457 | Lair:5   | HP: 2/103 [komodo dragon (23)]
 19914 | Lair:5   | Reached XP level 14. HP: 31/110 MP: 2/26
 20235 | Lair:6   | Reached skill level 5 in Fire Magic
 20235 | Lair:6   | Reached skill level 5 in Poison Magic
 21267 | Lair:6   | Noticed Nessos
 21272 | Lair:6   | Killed Nessos
 21569 | Lair:6   | Reached skill level 10 in Ice Magic
 22592 | Lair:6   | Noticed a dire elephant
 22600 | Lair:6   | Killed a dire elephant
 23332 | Lair:6   | Reached XP level 15. HP: 115/115 MP: 27/27
 23359 | Lair:6   | Found a runed translucent door.
 23424 | Lair:6   | Reached skill level 10 in Hexes
 24053 | Lair:6   | Reached skill level 9 in Spellcasting
 24300 | Orc:1    | Entered Level 1 of the Orcish Mines
 24307 | Orc:1    | Reached XP level 16. HP: 122/122 MP: 17/29
 24504 | Orc:2    | Entered Level 2 of the Orcish Mines
 25614 | Orc:2    | Found a staircase to the Elven Halls.
 25872 | Orc:2    | Reached skill level 10 in Spellcasting
 25953 | Orc:2    | Reached skill level 10 in Conjurations
 26512 | Orc:2    | Found Jugg's Antique Armour Shoppe.
 26512 | Orc:2    | Found Iviff's Jewellery Boutique.
 26598 | Orc:2    | Found Woddos's Weapon Shoppe.
 26598 | Orc:2    | Found Girphaon's Weapon Boutique.
 26873 | Orc:2    | Found Adeuri Xuoj's Jewellery Emporium.
 26882 | Orc:2    | Bought the ring of Tojew {Wiz rF+} for 616 gold pieces
 26891 | Orc:2    | Learned a level 6 spell: Simulacrum
 27427 | Elf:1    | Entered Level 1 of the Elven Halls
 27450 | Elf:1    | Reached skill level 11 in Spellcasting
 28290 | Elf:1    | Slain by a +1 glaive of protection

Illustrated notes

Levels and vault maps discovered:
D:1:      co_arrival_random_square_maze, layout_basic, chequers_garden
D:2:      kennysheep_six_static_rooms, layout_basic,
          shapermc_ecumenical_altar_hornbeckon, serial_bayou_ford_a,
          minmay_quantized, uniq_terence
D:3:      layout_rooms, saegor_snake_ambush
D:4:      cheibrodos_quashed, layout_rooms, grunt_nemelex_the_gamble,
          uniq_grinder
D:5:      layout_loops_ring, serial_shops, nicolae_shop_statue_plus,
          nicolae_shop_stone, shop, shop, uniq_blork_the_orc
D:6:      layout_loops_ring, lemuel_round_altar,
          minmay_temple_entry_enclosed_plants, minmay_misc_feat_enclosed,
          minmay_manual_monstrance
D:7:      layout_rooms
D:8:      layout_basic, mainiacjoe_overflow_tiny_flanked,
          nzn_wu_jian_contemplation, hangedman_glass_teeth, minmay_crossroads
D:9:      layout_stronghold
D:10:     layout_basic, erik_lair_island, orc_0_dummy
Temple:   dpeg_five_rooms_temple
Lair:1:   layout_cave_pods, uniq_amaemon
Lair:2:   layout_roguey, elwin_shoals_entry_rooms
Lair:3:   layout_chaotic_city, spider_nest_entry_webs, uniq_fannar,
          uniq_nergalle
Lair:4:   layout_small_grid, gammafunk_ghost_split, grunt_megastairs_3,
          uniq_sonja, uniq_kirke
Lair:5:   layout_layer_cave, dpeg_slime_entry_corner, basic_altar
Lair:6:   wormcave, layout_cellular_growth, hangedman_lair_caniforms_friends,
          amcnicky_mini_pool_medium, infiniplex_staircase_pool_2,
          serial_bayou_shore_a, grunt_megastairs_5, uniq_nessos
Orc:1:    layout_caves
Orc:2:    st_orc_town, layout_caves, serial_shops, nicolae_lakefront_shop
Elf:1:    nicolae_elf_arrival_no_cutting_in_line, layout_onion_city,
          minivault_28, grunt_ministairs_2, nicolae_elf_big_sculpture_2

Skill      XL: |  1  2  3  4  5  6  7  8  9 10 11 12 13 14 15 16 |
---------------+-------------------------------------------------+-----
Spellcasting   | 3 4 5 6 8 9 11 | 11.3
Ice Magic      | 5 6 8 10 | 10.0
Fighting       | 4 7 10 | 10.0
Hexes          | 5 6 8 9 10 | 10.0
Necromancy     | 5 6 |  6.2
Evocations     | 6 8 |  8.0
Conjurations   | 4 6 8 10 | 10.0
Armour         | 5 |  5.0
Fire Magic     | 4 8 |  8.0
Poison Magic   | 4 7 8 |  8.0
Dodging        | |  2.0
Stealth        | |  2.0

Action                   |  1- 3 |  4- 6 |  7- 9 | 10-12 | 13-15 | 16-18 || total
-------------------------+-------+-------+-------+-------+-------+-------++-------
Melee: Trident           |    18 |    10 |       |       |       |       ||    28
       Unarmed           |     3 |       |       |       |     9 |       ||    12
       Dagger            |       |    23 |    48 |     1 |       |       ||    72
       Punch             |       |       |     1 |     2 |     2 |     1 ||     6
       War axe           |       |       |       |   152 |   371 |    69 ||   592
       Rapier            |       |       |       |    32 |       |       ||    32
 Cast: Freeze            |    37 |    72 |    61 |   177 |    52 |     2 ||   401
       Frozen Ramparts   |       |     4 |    15 |    51 |    41 |    11 ||   122
       Ozocubu's Armour  |       |     3 |    11 |    33 |    33 |    10 ||    90
       Anguish           |       |       |       |    12 |    19 |     1 ||    32
       Olgreb's Toxic Ra |       |       |       |       |    69 |    63 ||   132
       Ignite Poison     |       |       |       |       |    38 |    52 ||    90
       Freezing Cloud    |       |       |       |       |       |     4 ||     4
Invok: Call Merchant     |       |       |       |     1 |       |       ||     1
       Potion Petition   |       |       |       |       |     6 |     6 ||    12
Evoke: Wand              |       |       |       |     1 |     3 |       ||     4
  Use: Potion            |       |       |     1 |    10 |     7 |     4 ||    22
       Scroll            |       |       |       |    17 |    13 |     1 ||    31
 Stab: Sleeping          |     4 |     4 |       |     1 |     1 |       ||    10
       Distracted        |       |       |       |     1 |     2 |     1 ||     4
Armor: Robe              |     2 |    17 |    36 |    73 |       |       ||   128
       Leather armour    |       |     3 |       |    70 |   256 |    44 ||   373
Dodge: Dodged            |    17 |    72 |    79 |   331 |   453 |   109 ||  1061
       Repelled          |       |       |       |     1 |       |     1 ||     2

Table legend: (Time is in decaauts)
 A = Elapsed time spent in this place.
 B = Non-inter-level travel time spent in this place.
 C = Inter-level travel time spent in this place.
 D = Time resting spent in this place.
 E = Time spent auto-exploring this place.
 F = Levels seen in this place.
 G = Mean time per level.
                   A        B        C        D        E       F      G
               +--------+--------+--------+--------+--------+-----+--------+
         Total |  28698 |  27813 |    885 |   3858 |  18437 |  20 | 1434.9 |
       Dungeon |  12214 |  11845 |    369 |    955 |   8921 |  10 | 1221.4 |
        Temple |    138 |     76 |     62 |      0 |     71 |   1 |  138.0 |
          Lair |  12385 |  11946 |    439 |   1582 |   7811 |   6 | 2064.2 |
  Orcish Mines |   3529 |   3515 |     14 |   1320 |   1403 |   2 | 1764.5 |
   Elven Halls |    431 |    431 |      0 |      0 |    230 |   1 |  431.0 |
               +--------+--------+--------+--------+--------+-----+--------+

Top non-repeatable levels by time:
  Lair:6: 3892 daAuts
  Lair:5: 2669 daAuts
     D:6: 2155 daAuts
   Orc:2: 2058 daAuts
     D:2: 1658 daAuts
  Lair:3: 1648 daAuts
  Lair:4: 1621 daAuts
     D:1: 1562 daAuts
  Lair:1: 1511 daAuts
   Orc:1: 1470 daAuts
    D:10: 1285 daAuts
     D:9: 1237 daAuts
     D:3: 1160 daAuts
     D:8: 1145 daAuts
  Lair:2: 1041 daAuts
